 Dungeon Crawl Stone Soup version 0.31.0-9-g3a7656b989 (webtiles) character file.

Game seed: 14770765486162089050

61 qw the Shooter (level 3, 0/20 HPs)
             Began as a Deep Elf Hunter on Feb 2, 2024.
             Slain by an orc wizard
             ... wielding a +0 dagger
              (2 damage)
             ... on level 3 of the Dungeon.
             The game lasted 00:00:05 (1672 turns).

qw the Shooter (Deep Elf Hunter)                    Turns: 1672, Time: 00:00:06

Health: 0/20       AC:  3    Str: 10    XL:     3   Next: 83%
Magic:  5/5        EV: 13    Int: 13    God:
Gold:   135        SH:  0    Dex: 24    Spells: 2/2 levels left

rFire   . . .        a - +0 shortbow
rCold   . . .        (shield currently unavailable)
rNeg    . . .        c - +0 leather armour
rPois   +            (no helmet)
rElec   .            (no cloak)
rCorr   .            (no gloves)
SInv    .            (no boots)
Will    .....        (no amulet)
Stlth   ++           h - ring of poison resistance
HPRegen 0.23/turn    e - +6 ring of dexterity
MPRegen 0.09/turn

%: no passive effects
@: no status effects
A: no striking features
a: no special abilities


You were on level 3 of the Dungeon.
You visited 1 branch of the dungeon, and saw 3 of its levels.

You collected 135 gold pieces.


   Skills:
 - Level 1.5 Fighting
 - Level 7.1 Ranged Weapons
 + Level 2.8 Dodging
 - Level 1.2 Stealth


You had 2 spell levels left.
You didn't know any spells.
Your spell library was empty.

Inventory:

Hand Weapons
 a - a +0 shortbow (weapon)
Armour
 c - a +0 leather armour (worn)
Jewellery
 e - a +6 ring of dexterity (right hand)
 h - a ring of poison resistance (left hand)
Potions
 b - 2 potions of curing

Dungeon Overview and Level Annotations

Branches:
Dungeon (3/15)

Altars:


Message History

The orc wizard flickers and vanishes!
Deactivating autopickup; reactivate with Ctrl-A.
A ball python comes into view.
You shoot an arrow. The ball python hisses angrily.
The arrow hits the orc.
The orc is almost dead.
You shoot an arrow.
The arrow hits the orc but does no damage.
The orc is almost dead.
You shoot an arrow.
The arrow hits the orc but does no damage.
The orc is almost dead.
You shoot an arrow.
The arrow hits the orc but does no damage.
The orc is almost dead.
The orc wizard gestures at you while chanting.
The puff of flame hits you.
You shoot an arrow. The arrow barely misses the orc.
The orc barely misses you.
You shoot an arrow.
The arrow hits the orc but does no damage.
The orc is almost dead.
The orc wizard points at you and mumbles some strange words.
The puff of flame hits something.
Something hits you. The orc misses you.
You shoot an arrow.
The arrow hits the orc but does no damage.
The orc is almost dead.
The ball python bites you. The ball python grabs you.
The ball python constricts you. Something hits you but does no damage.
The orc hits you with a +0 club.
You shoot an arrow. The arrow hits the ball python.
The ball python is moderately wounded.
The ball python closely misses you. The ball python constricts you.
Something hits you. The orc hits you with a +0 club.
You shoot an arrow. The arrow hits the ball python.
You kill the ball python!
The orc wizard casts a spell at you. Something hits you.
You die...

####### #...... #<#####
#.#
##################.#####
.....o{@.%........#....#
.#....?o####.#####%###.#
......... #.# #.# #.#
.#.#####.# #.# #.# #.# #
.# #.# #.# #.# .# #.#
#.###.# .# ... #......
.# ### #.###.# .#.....


You could see an orc wizard and an orc.

Vanquished Creatures
  A ribbon worm (D:2)
  2 dart slugs (D:1)
  8 ball pythons
  An endoplasm (D:2)
  6 giant cockroaches
  3 goblins
  3 hobgoblins
  6 kobolds
  3 quokkas (D:1)
  9 bats
  4 frilled lizards
  6 rats
52 creatures vanquished.

Notes
Turn   | Place    | Note
-------+----------+-------------------------------------------
     0 | D:1      | qw the Deep Elf Hunter began the quest for the Orb.
     0 | D:1      | Reached XP level 1. HP: 12/12 MP: 3/3
     0 | D:1      | 0 ||| qw: Version: 0.3-a-155-g5e7d8dd
     0 | D:1      | 0 ||| qw: Game counter: 1823
     0 | D:1      | 0 ||| qw: Melee chars always use a shield: true
     0 | D:1      | 0 ||| qw: God list: Okawaru
     0 | D:1      | 0 ||| qw: Allow faded altars: false
     0 | D:1      | 0 ||| qw: Do Orc after clearing Dungeon:15 true
     0 | D:1      | 0 ||| qw: Do second Lair branch before Depths: true
     0 | D:1      | 0 ||| qw: Lair rune preference: random
     0 | D:1      | 0 ||| qw: Goals: Normal
     0 | D:1      | 0 ||| PLANNING D:1-11
   182 | D:1      | Reached skill level 6 in Ranged Weapons
   182 | D:1      | Reached XP level 2. HP: 16/16 MP: 4/4
   899 | D:1      | 899 ||| DROPPING scarf of harm.
   900 | D:1      | 900 ||| UPGRADING to ring of poison resistance.
   901 | D:1      | 901 ||| READING 2 scrolls labelled BESOSHRANEU.
   901 | D:1      | 901 ||| IDENTIFYING bubbling emerald potion
   902 | D:1      | 902 ||| READING scroll of identify.
   902 | D:1      | 902 ||| IDENTIFYING scroll labelled DIKYHOXK COSCHU
   903 | D:1      | 903 ||| DROPPING scroll of butterflies.
   904 | D:1      | 904 ||| DROPPING potion of attraction.
   905 | D:1      | 905 ||| DROPPING scroll of fear.
   959 | D:2      | Reached XP level 3. HP: 20/20 MP: 5/5
  1198 | D:2      | Reached skill level 7 in Ranged Weapons
  1494 | D:2      | 1494 ||| UPGRADING to +6 ring of dexterity.
  1495 | D:2      | 1495 ||| READING 3 scrolls labelled TAUSAO UCSOSU.
  1496 | D:2      | 1496 ||| DRINKING 2 ruby potions.
  1497 | D:2      | 1497 ||| DROPPING 2 scrolls of poison.
  1671 | D:3      | HP: 1/20 [orc/+0 club (5)]
  1672 | D:3      | Slain by an orc wizard

Levels and vault maps discovered:
D:1:      psy_arrival_statuary, layout_loops_corners
D:2:      layout_loops_ring
D:3:      kennysheep_goblin_castle, layout_loops_ring, kennysheep_generic_room_5

Skill      XL: |  1  2  3 |
---------------+----------+-----
Ranged Weapons | 6 7 |  7.1
Fighting       | |  1.5
Dodging        | |  2.8
Stealth        | |  1.2

Action                     || total
---------------------------++-------
   Fire: Shortbow          ||   136
    Use: Scroll            ||     3
         Potion            ||     1
 Armour: Leather armour    ||    24
  Dodge: Dodged            ||    16

Table legend:
 A = Non-vault XP
 B = Vault XP
 C = Vault XP percentage of total XP
 D = Non-vault monster count
 E = Vault monster count
 F = Vault count percentage of total count
                 A         B        C        D         E       F
            +---------+---------+-------+---------+---------+-------
      Total |      89 |       0 |   0.0 |      52 |       0 |   0.0
            +---------+---------+-------+---------+---------+-------
        D:1 |      40 |       0 |   0.0 |      21 |       0 |   0.0
        D:2 |      33 |       0 |   0.0 |      20 |       0 |   0.0
        D:3 |      16 |       0 |   0.0 |      11 |       0 |   0.0
            +---------+---------+-------+---------+---------+-------
